AoeStats
← Aynos

Arena

508227050Analyzed
1v1 RM · 11d ago on Sep 21, 2026· 52m 17s· 2 players
Game mode
Random Map
Map size
Tiny (2 player)
Population
200
Speed
Normal
Resources
Standard
Victory
Conquest
Starting age
Dark Age
Ending age
Imperial Age
RankedLock teamsTeams togetherTeam positionsShared explorationLock speedFull tech treeHidden civsTurbo modeCheats
Victory
Defeat
🇪🇸 Khmer · Spain
755
+14
🇩🇪 Britons · Germany
719
-14
Aynos
10:32 Feudal Age
13:12 Double-Bit Axe
17:19 Castle Age
15:51 Horse Collar
16:34 Fletching
19:20 Bow Saw
19:01 Crossbowman
21:44 Heavy Plow
23:30 Ballistics
26:19 Padded Archer Armor
26:14 Bodkin Arrow
25:46 Pikeman
27:21 Squires
28:01 Leather Archer Armor
29:58 Scale Barding Armor
29:58 Scale Mail Armor
30:12 Forging
32:28 Town Watch
32:29 Loom
38:05 Imperial Age
36:56 Yeomen
38:55 Halberdier
40:38 Arbalester
41:17 Cavalier
alb_236
5:58 Loom
11:32 Feudal Age
12:52 Double-Bit Axe
13:32 Horse Collar
13:53 Gold Mining
21:08 Castle Age
19:35 Scale Barding Armor
19:59 Forging
20:47 Bloodlines
20:52 Stone Mining
21:18 Light Cavalry
22:12 Husbandry
23:12 Chain Barding Armor
23:24 Fervor
26:33 Bow Saw
26:25 Heavy Plow
28:29 Wheelbarrow
27:40 Town Watch
33:07 Hand Cart
32:52 Town Patrol
36:09 Fletching
36:55 Iron Casting
36:21 Padded Archer Armor
36:22 Scale Mail Armor
36:58 Bodkin Arrow
37:08 Padded Archer Armor
37:09 Scale Mail Armor
39:01 Gold Shaft Mining
39:03 Stone Shaft Mining
44:58 Imperial Age
43:46 Ballistics
43:23 Murder Holes
43:39 Masonry
46:04 Double Crossbow
46:31 Bracer
47:23 Crop Rotation
48:37 Cavalier
Connection lost

Rejoining the realm…

Still unreachable

The connection could not be restored.

Session expired

The server has moved on; the page needs a fresh start.